 Dungeon Crawl Stone Soup version 0.27-a0-1456-gf5a116941d (webtiles) character file.

Game seed: 8688729102550817456

3694 streetpizza the Nimble (level 10, -4/76 HPs)
             Began as a Djinni Fire Elementalist on July 6, 2021.
             Was an Initiate of Gozag.
             Slain by a wraith (13 damage)
             ... on level 9 of the Dungeon.
             The game lasted 00:38:03 (9884 turns).

streetpizza the Nimble (Djinni Fire Elementalist)   Turns: 9884, Time: 00:38:05

Health: -4/76      AC:  4    Str:  7    XL:     10   Next: 35%
Gold:   1509       EV: 16    Int: 20    God:    Gozag SH:  0 Dex: 14

rFire    + + .     SeeInvis +   q - +14 obsidian axe {vorpal, Drain Fly SInv}
rCold    . . .     Faith    .   (no shield)
rNeg     . . .     Spirit   .   a - +0 robe
rPois    ∞         Reflect  .   c - +0 helmet
rElec    .         Harm     .   b - +0 cloak
rCorr    .         Rampage  .   (no gloves)
Will     +....                  (boots unavailable)
Stlth    ++........             (no amulet)
HPRegen  0.22/turn              p - +4 ring of slaying
MPRegen  0.00/turn              t - ring of protection from cold

@: gold aura, flying, mesmerised, very slightly contaminated
A: sickness immunity, fire resistance 2, cold vulnerability 1, float, innate
caster, hp casting, extra vitality 1
a: Renounce Religion, Potion Petition, Call Merchant, Bribe Branch


You were on level 9 of the Dungeon.
You worshipped Gozag.
Gozag was most pleased with you.
You visited 1 branch of the dungeon, and saw 9 of its levels.
You also visited: Ossuary.

You collected 1509 gold pieces.

Inventory:

Hand Weapons
 e - a +0 dagger of freezing
 q - the +14 obsidian axe (weapon) {vorpal, Drain Fly SInv}
   (You found it on level 4 of the Dungeon)

   It inflicts extra damage upon your enemies.
   SInv:      It lets you see invisible.
   Fly:       It grants you flight.
   Drain:     It drains your maximum health when unequipped.
Missiles
 v - 31 poisoned darts
Armour
 a - a +0 robe (worn)
 b - a +0 cloak (worn)
 c - a +0 helmet (worn)
Jewellery
 m - an amulet of guardian spirit
 p - a +4 ring of slaying (left hand)
 t - a ring of protection from cold (right hand)
 H - a ring of fire
Scrolls
 d - 4 scrolls of identify
 f - 3 scrolls of magic mapping {unknown}
 g - a scroll of brand weapon {unknown}
 j - 2 scrolls of fog {unknown}
 k - a scroll of acquirement {unknown}
 s - 2 scrolls of noise {unknown}
 x - 3 scrolls of teleportation
 y - 5 scrolls of enchant armour {unknown}
 z - 3 scrolls of summoning {unknown}
 B - a scroll of blinking {unknown}
 C - a scroll of enchant weapon {unknown}
 G - a scroll of holy word {unknown}
Potions
 h - 6 potions of curing
 i - 3 potions of mutation {unknown}
 l - a potion of heal wounds
 n - 3 potions of flight {unknown}
 o - a potion of brilliance
 r - 4 potions of lignification {unknown}
 u - a potion of cancellation {unknown}
 w - 4 potions of haste {unknown}
 A - 2 potions of attraction {unknown}
 D - a potion of ambrosia {unknown}
 E - a potion of invisibility {unknown}
 F - a potion of degeneration {unknown}


   Skills:
 + Level 8.0 Fighting
 + Level 9.2 Dodging
 - Level 1.7 Stealth
 + Level 6.9 Spellcasting


You couldn't memorise any spells.
You knew the following spells:

 Your Spells              Type           Power      Damage    Failure   Level
a - Foxfire               Conj/Fire      100%       2x1d9     1%          1
b - Conjure Flame         Conj/Fire      34%        6-21      1%          3
c - Inner Flame           Hex/Fire       34%        N/A       1%          3
d - Sticky Flame          Conj/Fire      34%        2d5       5%          4
e - Fireball              Conj/Fire      17%        3d9       16%         5
f - Pain                  Necr           100%       1d9       1%          1
g - Ensorcelled Hibernat  Hex/Ice        68%        N/A       1%          2
h - Wereblood             Tmut           34%        N/A       1%          2
i - Lesser Beckoning      Tloc           17%        N/A       1%          3
Your spell library was empty.

Dungeon Overview and Level Annotations

Branches:
Dungeon (9/15)             Temple (0/1) D:4         Ossuary (visited)
   Lair: D:8-11         Orc: D:9-12

Altars:
Dithmenos
Fedhas
Gozag
Okawaru
Trog
Wu Jian
Yredelemnul


Innate Abilities, Weirdness & Mutations

You are immune to sickness and miasma.
You are immune to poison.
Your flesh is very heat resistant. (rF++)
You are vulnerable to cold. (rC-)
You float through the air rather than walking.
You learn spells naturally, not from books.
Your magical power is your life essence.
You have superior vitality. (+4 HP)


Message History

The fireball engulfs the yak.
The yak is lightly wounded.
Visions of slaying the yak flood into your mind.
You hear a horrible gurgling sound!
A wraith comes into view.
You slice the yak!!
The yak is almost dead.
The yak gores you!
You slash the yak!
You are no longer entranced.
You kill the yak!
You slash the yak!
Visions of slaying the yak flood into your mind.
The yak closely misses you.
A skeletal warrior comes into view. It is wielding a +0 flail.
The wraith hits you.
Your Fighting skill increases to level 8!
You slash the wraith!
The wraith is heavily damaged.
You hit the yak. You slash the yak!
Visions of slaying the wraith flood into your mind.
The yak misses you. The wraith barely misses you. The yak gores you.
Unknown command.
You hit the wraith but do no damage.
The wraith is heavily damaged.
You slash the yak!
You kill the yak!
You slash the yak!
Visions of slaying the yak flood into your mind.
The yak gores you. The yak gores you!
* * * LOW HITPOINT WARNING * * *
The wraith barely misses you.
You closely miss the wraith. You completely miss the yak. You slash the wraith!
Visions of slaying the wraith flood into your mind.
The wraith hits you!
* * * LOW HITPOINT WARNING * * *
The yak is distracted by your dazzling golden aura.
The wraith closely misses you. The wraith hits you!
You die...
Your body crumbles into a pile of gold.

#.. #.# #.# >
... # .. #.#
.#... ##.
#.##..((. ...
#WY.(.... #.#
#@W#
###.####.#z.#
.....##.#
#..# #.#.##.#
## # #...##.#
#.##......#
#......#..##
####..##...#
#...##.#.#


You could see a skeletal warrior, a yak (unaware, very poisoned) and 2 wraiths.

Vanquished Creatures
  2 yaks (D:9)
  A wraith (Ossuary)
  2 steam dragons
  2 vampire mosquitoes (D:8)
  Edmund (D:4)
  3 water moccasins
  A sky beast (D:7)
  2 black bears
  An orc warrior (D:6)
  2 centaurs
  3 bullfrogs
  A scorpion (D:4)
  A water moccasin zombie (D:6)
  2 centaur zombies (D:7)
  3 jellies
  6 hounds
  2 bullfrog skeletons
  A centaur skeleton (D:7)
  2 orc wizards
  3 killer bee zombies
  3 mummies (Ossuary)
  9 gnolls
  14 adders
  A shadow imp (D:6)
  3 white imps
  2 worms (D:2)
  3 dart slugs
  12 orcs
  4 ball pythons
  5 bats
  6 endoplasms
  3 giant cockroaches
  7 goblins
  7 hobgoblins
  5 jackals
  5 kobolds
  A quokka (D:3)
  7 frilled lizards
  4 goblin zombies (Ossuary)
  2 hobgoblin zombies (Ossuary)
  2 kobold zombies (Ossuary)
  8 rats
154 creatures vanquished.

Vanquished Creatures (collateral kills)
  An orc warrior (D:4)
  An ogre (D:5)
  A centaur (D:8)
  A kobold brigand (D:8)
  A gnoll sergeant (D:4)
  A water moccasin skeleton (D:5)
  A jelly (D:4)
  An orc priest (D:4)
  An iguana (D:4)
  An orc wizard (D:4)
  2 gnolls (D:4)
  3 orcs
  A jackal (D:4)
  2 kobolds (D:8)
  A bush (D:5)
19 creatures vanquished.

Vanquished Creatures (others)
  286 foxfires
286 creatures vanquished.

Grand Total: 459 creatures vanquished

Notes
Turn   | Place    | Note
-------+----------+-------------------------------------------
     0 | D:1      | streetpizza the Djinni Fire Elementalist began the quest
                  | for the Orb.
     0 | D:1      | Reached XP level 1. HP: 15/15 MP: 0/0
   389 | D:1      | Reached XP level 2. HP: 18/21 MP: 0/0
   867 | D:1      | Found a faded altar of an unknown god.
   870 | D:1      | Became a worshipper of Gozag Ym Sagoz the Greedy
  1249 | D:2      | Reached XP level 3. HP: 15/25 MP: 0/0
  1249 | D:2      | Learned a level 1 spell: Pain
  1822 | D:2      | Reached skill level 1 in Fighting
  1822 | D:2      | Reached XP level 4. HP: 16/32 MP: 0/0
  2117 | D:2      | Reached skill level 3 in Dodging
  2424 | D:2      | Reached XP level 5. HP: 20/38 MP: 0/0
  2424 | D:2      | Learned a level 2 spell: Ensorcelled Hibernation
  3731 | D:3      | Found an opulent altar of Gozag.
  3832 | D:3      | Reached XP level 6. HP: 21/45 MP: 0/0
  4367 | D:4      | Reached skill level 4 in Dodging
  4553 | D:4      | Found the +14 obsidian axe {vorpal, Drain Fly SInv}
  4557 | D:4      | Noticed Edmund
  4567 | D:4      | Killed Edmund
  4568 | D:4      | Reached XP level 7. HP: 21/50 MP: 0/0
  4568 | D:4      | Learned a level 2 spell: Wereblood
  4749 | D:4      | Found a bloodstained altar of Trog.
  4876 | D:4      | Reached skill level 5 in Dodging
  5019 | D:4      | Found a staircase to the Ecumenical Temple.
  5047 | D:4      | Reached XP level 8. HP: 49/58 MP: 0/0
  5474 | D:5      | Entered Level 5 of the Dungeon
  5730 | D:5      | Found an iron altar of Okawaru.
  5815 | D:5      | Reached skill level 6 in Dodging
  5884 | D:5      | Identified the +0 leather armour of Intuition {rF+ Will+}
  5907 | D:5      | Reached skill level 5 in Fighting
  5907 | D:5      | Reached skill level 5 in Spellcasting
  6507 | D:6      | Found a blossoming altar of Fedhas.
  6583 | D:6      | Reached XP level 9. HP: 58/65 MP: 0/0
  6583 | D:6      | Learned a level 3 spell: Lesser Beckoning
  6774 | D:6      | Reached skill level 7 in Dodging
  7234 | D:7      | Identified the +5 scale mail of the New World {rElec Will-
                  | Int-2 SInv}
  7599 | D:7      | Found a shadowy altar of Dithmenos.
  7823 | D:7      | Reached skill level 8 in Dodging
  7956 | D:8      | Found a basalt altar of Yredelemnul.
  8093 | D:8      | Found an ornate altar of the Wu Jian Council.
  8153 | D:8      | Found a sand-covered staircase.
  8156 | Ossuary  | Entered an ossuary
  8630 | D:8      | Reached XP level 10. HP: 75/75 MP: 0/0
  9520 | D:9      | Noticed a red ugly thing
  9857 | D:9      | Reached skill level 9 in Dodging
  9881 | D:9      | Noticed a skeletal warrior
  9884 | D:9      | Slain by a wraith

Illustrated notes

Levels and vault maps discovered:
D:1:      scummos_arrival_forest, layout_loops_ring,
          shapermc_ecumenical_altar_mp_urbaneastern
D:2:      minmay_alternating_diamond, layout_basic
D:3:      minmay_diamond_boxcup, layout_loops_ring,
          nicolae_overflow_crystal_walls
D:4:      layout_basic, lemuel_coloured_pillars_altar,
          minmay_temple_entry_statues, uniq_edmund
D:5:      layout_rooms, kennysheep_mini, cheibrodos_gnoll_hut
D:6:      layout_cave_pools, fedhas_altar_3, kennysheep_nub
D:7:      layout_basic, marbit_many_paths
D:8:      layout_rooms, pdpol_wu_jian_five_deadly_venoms, amcnicky_altar_gilded,
          nicolae_ossuary_entry_plus, kennysheep_nondescript
D:9:      layout_loops_cross, gammafunk_ghost_split,
          minmay_guarded_unrand_finisher

Skill      XL: |  1  2  3  4  5  6  7  8  9 10 |
---------------+-------------------------------+-----
Spellcasting   | 3 4 5 6 |  6.9
Fighting       | 1 2 3 4 5 7 8 |  8.0
Dodging        | 3 4 5 6 8 9 |  9.2
Stealth        | |  1.7

Action                   |  1- 3 |  4- 6 |  7- 9 | 10-12 || total
-------------------------+-------+-------+-------+-------++-------
Melee: Unarmed           |     2 |       |       |       ||     2
       Dagger            |    21 |    65 |       |       ||    86
       Broad axe         |       |     6 |    95 |    37 ||   138
Throw: Dart              |       |       |     8 |     3 ||    11
 Cast: Foxfire           |    33 |    59 |    71 |       ||   163
       Ensorcelled Hiber |       |     1 |       |       ||     1
       Sticky Flame      |       |       |     3 |     1 ||     4
       Fireball          |       |       |       |     1 ||     1
  Use: Potion            |       |       |     2 |     3 ||     5
       Scroll            |       |       |       |     2 ||     2
 Stab: Sleeping          |       |     5 |     3 |     2 ||    10
Armor: Robe              |     6 |    26 |    35 |    16 ||    83
Dodge: Dodged            |    13 |    50 |    91 |    45 ||   199

Table legend: (Time is in decaauts)
 A = Elapsed time spent in this place.
 B = Non-inter-level travel time spent in this place.
 C = Inter-level travel time spent in this place.
 D = Time resting spent in this place.
 E = Time spent auto-exploring this place.
 F = Levels seen in this place.
 G = Mean time per level.
                   A        B        C        D        E       F      G
               +--------+--------+--------+--------+--------+-----+--------+
         Total |   9969 |   9735 |    234 |      0 |   8171 |  10 |  996.9 |
       Dungeon |   9493 |   9259 |    234 |      0 |   7815 |   9 | 1054.8 |
       Ossuary |    475 |    475 |      0 |      0 |    356 |   1 |  475.0 |
               +--------+--------+--------+--------+--------+-----+--------+

Top non-repeatable levels by time:
     D:2: 1883 daAuts
     D:3: 1217 daAuts
     D:1: 1201 daAuts
     D:4: 1182 daAuts
     D:6: 1082 daAuts
     D:7: 1043 daAuts
     D:8: 938 daAuts
     D:5: 656 daAuts
 Ossuary: 475 daAuts
     D:9: 288 daAuts
